 Dungeon Crawl Stone Soup version 0.31-a0-692-gf03d1854d5 (webtiles) character file.

Game seed: 6860535627811071571

65 qw the Shooter (level 4, 0/28 HPs)
             Began as a Gargoyle Hunter on Sept 6, 2023.
             Killed from afar by Sigmund (2 damage)
             ... with a puff of flame
             ... on level 2 of the Dungeon.
             The game lasted 00:00:19 (922 turns).

qw the Shooter (Gargoyle Hunter)                     Turns: 922, Time: 00:00:20

Health: 0/28       AC:  6    Str: 15    XL:     4   Next: 14%
Magic:  4/4        EV: 11    Int:  9    God:
Gold:   78         SH:  0    Dex: 15    Spells: 3/3 levels left

rFire   . . .        Y - +3 shortbow
rCold   . . .        (shield currently unavailable)
rNeg    + . .        c - +0 leather armour
rPois   inf          (no helmet)
rElec   +            (no cloak)
rCorr   .            (no gloves)
SInv    .            (no boots)
Will    .....        (no amulet)
Stlth   ++           (no ring)
HPRegen 0.24/turn    (no ring)
MPRegen 0.09/turn

%: no passive effects
@: no status effects
A: sickness immunity, AC +3, negative energy resistance 1, electricity
resistance, torment resistance 1, petrification resistance
a: no special abilities


You were on level 2 of the Dungeon.
You visited 1 branch of the dungeon, and saw 2 of its levels.

You collected 78 gold pieces.


Innate Abilities, Weirdness & Mutations

You are immune to sickness and miasma.
Your stone body is resilient. (AC +3)
You are immune to poison.
You resist negative energy. (rN+)
You are resistant to electric shocks. (rElec)
You are resistant to unholy torment.
You are immune to petrification.


   Skills:
 - Level 3.4 Fighting
 + Level 5.0 Ranged Weapons
 - Level 1.5 Dodging
 - Level 1.1 Stealth


You had 3 spell levels left.
You didn't know any spells.
Your spell library was empty.

Inventory:

Hand Weapons
 Y - a +3 shortbow (weapon)
Armour
 c - a +0 leather armour (worn)
Potions
 d - a potion of heal wounds {unknown}

Dungeon Overview and Level Annotations

Branches:
Dungeon (2/15)

Altars:

Annotations:
D:2 Sigmund


Message History

Sigmund the Dreaded comes into view.
He is wielding a +0 scythe.
Sigmund shouts!
Sigmund casts a spell.
Sigmund flickers and vanishes!
Deactivating autopickup; reactivate with Ctrl-A.
You shoot an arrow. You shoot an arrow. You shoot an arrow.
Something tries to affect you, but you resist.
You shoot an arrow. You shoot an arrow.
A frilled lizard comes into view.
You shoot an arrow. The frilled lizard hisses angrily.
The arrow hits the frilled lizard!
You kill the frilled lizard!
You hear some strange, mumbled words.
A puff of flame appears from out of thin air!
The puff of flame hits you! Something hits you.
You shoot an arrow. You shoot an arrow. Something hits you!
You shoot an arrow. Something hits you!
You shoot an arrow. Something completely misses you.
You shoot an arrow. Something hits you but does no damage.
You shoot an arrow. You shoot an arrow. Something barely misses you.
You shoot an arrow. Something hits you but does no damage.
You shoot an arrow. Something hits you!
You shoot an arrow.
You hear some strange, mumbled words.
A puff of flame appears from out of thin air!
The puff of flame hits you.
You die...

#..# #..# # ##
####..### #%####.
....... .....#.##
#.#..# ........#
##.#..#
#.......###....)#####
#........#..#)......#
#....{$@).%###..###.#
#........#..#..## #.#
#.......###)..## #.#
#.<.....# ##.##
#.#### ......... ...#
#..... ###.##.#######
###### #. #. # #.


There were no monsters in sight!

Vanquished Creatures
  Natasha (D:2)
  An adder (D:2)
  3 dart slugs (D:1)
  A bat (D:1)
  An endoplasm (D:1)
  A giant cockroach (D:2)
  3 goblins
  3 hobgoblins
  A quokka (D:1)
  2 ball pythons
  4 frilled lizards
  4 kobolds
  2 rats (D:1)
27 creatures vanquished.

Notes
Turn   | Place    | Note
-------+----------+-------------------------------------------
     0 | D:1      | qw the Gargoyle Hunter began the quest for the Orb.
     0 | D:1      | Reached XP level 1. HP: 12/12 MP: 1/1
     0 | D:1      | 0 ||| qw: Version: 0.3-a-76-g4403597
     0 | D:1      | 0 ||| qw: Game counter: 282
     0 | D:1      | 0 ||| qw: Melee chars always use a shield: true
     0 | D:1      | 0 ||| qw: God list: Okawaru
     0 | D:1      | 0 ||| qw: Allow faded altars: false
     0 | D:1      | 0 ||| qw: Do Orc after clearing Dungeon:15 true
     0 | D:1      | 0 ||| qw: Do second Lair branch before Depths: true
     0 | D:1      | 0 ||| qw: Lair rune preference: random
     0 | D:1      | 0 ||| qw: Goals: Normal
     0 | D:1      | 0 ||| PLANNING D:1-11
   130 | D:1      | Reached XP level 2. HP: 17/17 MP: 2/2
   752 | D:1      | Reached XP level 3. HP: 19/21 MP: 3/3
   806 | D:1      | 806 ||| READING scroll labelled JYKAOT XALEDA.
   807 | D:1      | 807 ||| READING 3 scrolls labelled INOSTO ZYWIHYN.
   808 | D:1      | 808 ||| READING 2 scrolls of enchant weapon.
   808 | D:1      | 808 ||| ENCHANTING +1 shortbow.
   809 | D:1      | 809 ||| READING scroll of enchant weapon.
   809 | D:1      | 809 ||| ENCHANTING +2 shortbow.
   810 | D:1      | 810 ||| DROPPING scroll of butterflies.
   881 | D:2      | Reached skill level 5 in Ranged Weapons
   893 | D:2      | Identified the +11 dagger of Virtue {freeze, *Noise rPois
                  | rN+ Dex+4}
   897 | D:2      | Noticed Natasha
   900 | D:2      | Killed Natasha
   901 | D:2      | Reached skill level 3 in Fighting
   901 | D:2      | Reached XP level 4. HP: 28/28 MP: 4/4
   906 | D:2      | Noticed Sigmund
   915 | D:2      | HP: 7/28 [something (7)]
   921 | D:2      | HP: 1/28 [something (7)]
   922 | D:2      | Killed from afar by Sigmund

Levels and vault maps discovered:
D:1:      kilobyte_arrival_exit_the_forest, layout_basic
D:2:      layout_loops_ring, kennysheep_nondescript, uniq_sigmund, uniq_natasha

Skill      XL: |  1  2  3 |
---------------+----------+-----
Ranged Weapons | 5 |  5.0
Fighting       | 3 |  3.4
Dodging        | |  1.5
Stealth        | |  1.1

Action                     |  1- 3 |  4- 6 || total
---------------------------+-------+-------++-------
   Fire: Shortbow          |    65 |    18 ||    83
    Use: Scroll            |     4 |       ||     4
 Armour: Leather armour    |     8 |     9 ||    17
  Dodge: Dodged            |    13 |     2 ||    15

Table legend:
 A = Non-vault XP
 B = Vault XP
 C = Vault XP percentage of total XP
 D = Non-vault monster count
 E = Vault monster count
 F = Vault count percentage of total count
                 A         B        C        D         E       F
            +---------+---------+-------+---------+---------+-------
      Total |      59 |      35 |  37.2 |      26 |       1 |   3.7
            +---------+---------+-------+---------+---------+-------
        D:1 |      35 |       0 |   0.0 |      19 |       0 |   0.0
        D:2 |      24 |      35 |  59.3 |       7 |       1 |  12.5
            +---------+---------+-------+---------+---------+-------
